Map: [ESL] Oceanborn

Players

Spirit - Winner!

  • Race: Terran Terran
  • Spawn Location: 11:00

GunGFuBanDa

  • Race: Protoss Protoss
  • Spawn Location: 5:00

Event: ESL SC2 Masters 2024 Spring (Regional)

VOD

Have the link to the VOD?

Description

Time

  • Played on: April 26, 2024, 10:49 a.m.
  • Length: 16:24

All games in this series

Show
View Real Time Build Order
Export as new Build Order

Spirit Terran - Winner!

Build Orders: Cyclone Opening 

Get SALT Encoding   

  12  0:00  SCV  
  13  0:12  SCV  
  14  0:17  Supply Depot  
  14  0:24  SCV  
  15  0:38  SCV, Refinery  
  16  0:44  Barracks  
  16  0:50  SCV  
  17  1:02  SCV  
  18  1:15  SCV  
  19  1:30  Marine  
  19  1:31  Orbital Command  
  20  1:45  Command Center  
  20  1:56  Factory  
  20  1:57  SCV  
  20  2:00  Barracks Reactor  
  21  2:10  SCV  
  21  2:11  Supply Depot  
  21  2:14  Refinery  
  22  2:22  SCV  
  23  2:34  SCV  
  23  2:36  Marine x2  
  26  2:40  Cyclone  
  28  2:46  SCV, Starport  
  29  2:55  Marine x2  
  29  2:58  SCV  
  31  3:04  Orbital Command  
  31  3:10  SCV  
  31  3:12  Widow Mine  
  34  3:20  Barracks  
  34  3:23  Medivac  
  36  3:30  SCV  
  36  3:32  SCV  
  36  3:34  Widow Mine  
  40  3:37  Supply Depot  
  40  3:42  SCV  
  40  3:44  SCV, Marine  
  40  3:45  Marine  
  44  3:52  Supply Depot  
  44  3:54  SCV  
  45  3:56  SCV  
  45  4:00  Factory Tech Lab  
  45  4:02  Liberator  
  49  4:06  SCV  
  49  4:09  Barracks Tech Lab  
  50  4:10  Supply Depot  
  50  4:11  Marine  
  50  4:13  Marine  
  50  4:14  SCV  
  53  4:20  Siege Tank  
  53  4:23  SCV  
  57  4:28  Marine  
  57  4:29  Stimpack  
  57  4:30  SCV  
  59  4:33  Marine x2  
  59  4:35  SCV  
  62  4:43  SCV, Supply Depot  
  63  4:46  Marine  
  63  4:50  SCV  
  63  4:51  Marine x2  
  67  4:56  Siege Tank  
  67  4:59  SCV  
  69  5:02  SCV  
  69  5:04  Marine  
  69  5:06  Supply Depot x2  
  71  5:09  Marine x2  
  71  5:11  SCV  
  71  5:12  Engineering Bay  
  74  5:14  SCV  
  75  5:22  Refinery, Marine  
  75  5:23  SCV, Refinery  
  75  5:26  SCV  
  75  5:27  Marine x2  
  80  5:29  Siege Tank  
  80  5:32  Medivac  
  80  5:35  SCV  
  86  5:39  Supply Depot x2  
  86  5:40  SCV, Marine  
  88  5:45  Marine x2  
  88  5:48  SCV  
  91  5:53  Terran Infantry Weapons Level 1  
  91  5:56  Barracks  
  91  5:57  SCV  
  91  5:58  Marine  
  91  6:01  Supply Depot  
  91  6:03  Marine x2  
  95  6:08  Starport Reactor, Combat Shield  
  95  6:09  SCV  
  94  6:15  Marine  
  94  6:17  SCV  
  95  6:21  Factory Reactor, Marine x2  
  95  6:22  SCV  
  95  6:26  Command Center  
  95  6:30  SCV  
  96  6:39  Marine  
  92  6:40  SCV, Marine  
  92  6:42  SCV  
  92  6:46  Marine  
  94  6:52  SCV, Medivac, Barracks  
  97  6:54  SCV, Barracks  
  97  6:57  Marine  
  97  6:58  Marine  
  95  7:03  Marine  
  95  7:04  SCV  
  95  7:06  SCV  
  95  7:07  Widow Mine x2  
  95  7:08  Medivac  
  101  7:11  Marine  
  101  7:15  Concussive Shells, Marine  
  103  7:16  SCV, Marine  
  103  7:18  SCV  
  103  7:22  Marauder  
  108  7:23  Ghost Academy  
  108  7:24  Medivac  
  108  7:28  SCV  
  108  7:29  Marauder  
  113  7:30  SCV  
  113  7:32  Marine  
  113  7:34  Marine  
  116  7:40  SCV  
  114  7:45  SCV  
  114  7:47  Medivac  
  114  7:49  Widow Mine x2  
  114  7:50  Barracks Tech Lab x2  
  121  7:54  SCV  
  121  7:55  Terran Infantry Armor Level 1  
  121  7:57  SCV  
  127  7:58  Marine, Marauder x2  
  128  8:06  SCV, Sensor Tower  
  128  8:10  Widow Mine, Marauder  
  133  8:21  Orbital Command  
  133  8:24  Bunker  
  133  8:29  SCV, Supply Depot  
  133  8:30  Supply Depot  
  133  8:31  Marine  
  133  8:39  Refinery x2  
  132  8:45  Supply Depot  
  132  8:51  Widow Mine, Marauder x3  
  132  8:52  Command Center  
  132  8:55  Supply Depot  
  140  8:57  Marauder, Viking x2  
  145  9:03  Armory  
  145  9:04  Engineering Bay  
  145  9:11  Marine x2  
  145  9:12  Ghost x2  
  145  9:13  Marauder  
  145  9:14  Supply Depot  
  153  9:18  Ghost  
  155  9:29  Marine  
  155  9:30  Supply Depot  
  153  9:34  Marauder, Marine  
  153  9:35  Viking x2  
  153  9:37  Widow Mine x2  
  159  9:41  Marauder x2  
  156  9:47  Ghost  
  156  9:48  Marine  
  159  9:55  Ghost  
  147  10:02  Marauder x2, Marine  
  147  10:05  Medivac x2  
  154  10:07  Starport  
  154  10:08  SCV x3  
  154  10:09  Marine  
  154  10:11  Factory Tech Lab  
  158  10:18  Terran Infantry Weapons Level 2  
  158  10:19  Terran Infantry Armor Level 2  
  158  10:20  Marine  
  161  10:27  Marauder x2  
  161  10:28  Marauder x2  
  167  10:33  SCV  
  168  10:36  SCV x2  
  168  10:37  Viking  
  170  10:45  SCV  
  170  10:49  Marauder  
  165  10:52  Marine  
  165  10:55  Marine  
  165  10:56  Marauder  
  168  10:59  Planetary Fortress, Barracks, Marine  
  168  11:01  Barracks  
  169  11:11  Viking x4  
  175  11:17  Fusion Core  
  175  11:21  Refinery  
  175  11:22  Refinery, Missile Turret  
  175  11:25  Missile Turret, Terran Ship Weapons Level 1  
  171  11:34  Ghost x2, Marine  
  171  11:36  Marine  
  177  11:40  Marauder  
  177  11:41  Medivac x3  
  183  11:48  Marauder  
  183  11:53  Barracks Tech Lab  
  185  11:56  Barracks Tech Lab, Barracks  
  185  12:08  Advanced Ballistics  
  185  12:10  Command Center  
  184  12:16  Marauder, Marine x2  
  184  12:17  Marauder x5  
  197  12:34  Marine x2  
  199  12:40  Terran Infantry Weapons Level 3, Terran Infantry Armor Level 3  
  199  12:41  Marine  
  200  12:48  Starport x2  
  199  12:51  Marine  
  192  13:06  Command Center  
  192  13:07  Liberator x2  
  192  13:10  Command Center  
  198  13:16  Liberator  
  198  13:18  Marine  
  197  13:22  Liberator  
  191  13:38  Liberator x2  
  197  13:43  Terran Ship Weapons Level 2  
  197  13:50  Liberator  
  197  13:52  Missile Turret  
  197  14:05  Liberator  
  196  14:12  Liberator, Command Center  
  199  14:19  Missile Turret  
  199  14:21  Barracks Tech Lab, Missile Turret x2  
  199  14:24  Orbital Command  
  199  14:42  Missile Turret  
  199  14:44  Liberator  
  195  15:01  Liberator  
  195  15:13  Liberator  
  198  15:28  Sensor Tower  
  198  15:29  Liberator  
  199  15:40  Liberator  
  199  15:42  Planetary Fortress, Marine  
Show
View Real Time Build Order
Export as new Build Order

GunGFuBanDa Protoss 

Build Orders: 1 Gate Expand, Blink Stalkers 

Get SALT Encoding   

  12  0:00  Probe  
  13  0:12  Probe  
  14  0:17  Pylon  
  14  0:24  Probe (Chrono Boost)  
  15  0:36  Gateway  
  15  0:37  Probe (Chrono Boost)  
  16  0:43  Probe (Chrono Boost)  
  16  0:45  Assimilator  
  17  0:51  Probe  
  18  1:03  Probe  
  19  1:15  Probe  
  20  1:23  Cybernetics Core  
  20  1:33  Nexus  
  20  1:40  Pylon  
  20  1:43  Probe  
  21  1:49  Assimilator  
  21  1:55  Probe  
  21  1:57  Adept (Chrono Boost)  
  21  2:00  Warp Gate  
  24  2:07  Probe (Chrono Boost)  
  25  2:17  Probe (Chrono Boost)  
  25  2:20  Stalker  
  25  2:22  Probe (Chrono Boost)  
  29  2:33  Twilight Council  
  29  2:35  Probe (Chrono Boost)  
  30  2:45  Probe (Chrono Boost)  
  32  2:52  Probe (Chrono Boost)  
  32  2:55  Probe (Chrono Boost)  
  32  2:56  Stalker  
  35  2:59  Probe (Chrono Boost)  
  35  3:00  Probe (Chrono Boost)  
  35  3:04  Gateway  
  37  3:07  Blink (Chrono Boost)  
  37  3:12  Probe (Chrono Boost)  
  38  3:17  Probe (Chrono Boost)  
  38  3:19  Shield Battery  
  40  3:29  Pylon, Probe (Chrono Boost)  
  40  3:30  Probe (Chrono Boost)  
  40  3:33  Probe (Chrono Boost)  
  41  3:37  Robotics Facility  
  41  3:38  Probe  
  43  3:45  Probe  
  44  3:51  Stalker  
  44  3:52  Probe  
  44  3:53  Pylon  
  47  3:57  Pylon, Probe  
  47  4:00  Gateway  
  47  4:02  Sentry  
  50  4:04  Probe  
  50  4:09  Probe  
  52  4:16  Probe  
  53  4:21  Observer  
  53  4:22  Nexus  
  53  4:25  Stalker  
  53  4:28  Stalker  
  57  4:36  Shield Battery  
  57  4:37  Pylon, Probe  
  58  4:41  Assimilator  
  58  4:56  Probe (Chrono Boost)  
  59  5:00  Probe (Chrono Boost)  
  59  5:05  Immortal  
  64  5:08  Probe (Chrono Boost)  
  64  5:12  Probe (Chrono Boost), Forge  
  64  5:13  Probe (Chrono Boost)  
  65  5:21  Probe  
  67  5:23  Probe, Gateway  
  67  5:26  Robotics Bay  
  68  5:35  Probe (Chrono Boost)  
  68  5:36  Probe (Chrono Boost)  
  68  5:37  Probe (Chrono Boost)  
  68  5:41  Protoss Ground Weapons Level 1 (Chrono Boost)  
  69  5:46  Probe x2 (Chrono Boost)  
  69  5:49  Probe (Chrono Boost)  
  72  5:51  Charge (Chrono Boost), Probe x2 (Chrono Boost)  
  74  5:57  Probe  
  74  5:59  Pylon  
  74  6:00  Stalker x2  
  74  6:01  Zealot, Probe  
  74  6:02  Probe  
  80  6:09  Probe  
  81  6:13  Probe  
  81  6:14  Probe  
  81  6:21  Probe  
  81  6:22  Zealot x2  
  86  6:25  Probe  
  86  6:28  Colossus (Chrono Boost)  
  86  6:29  Zealot x2  
  95  6:41  Probe x2  
  95  6:49  Zealot  
  96  6:55  Pylon  
  96  6:57  Pylon  
  96  6:59  Observer  
  92  7:01  Pylon  
  92  7:02  Pylon  
  92  7:03  Pylon  
  86  7:13  Probe  
  86  7:15  Probe  
  87  7:17  Pylon  
  87  7:19  Pylon, Colossus (Chrono Boost)  
  87  7:21  Pylon  
  93  7:24  Zealot x4  
  101  7:31  Protoss Ground Weapons Level 2 (Chrono Boost)  
  101  7:37  Nexus  
  101  7:49  Probe  
  101  7:50  Probe  
  99  7:51  Pylon  
  99  7:55  Assimilator  
  99  7:56  Extended Thermal Lance  
  99  7:57  Sentry  
  101  8:02  Probe  
  101  8:03  Observer  
  102  8:10  Shield Battery  
  102  8:11  Probe  
  103  8:14  Probe  
  103  8:15  Colossus (Chrono Boost)  
  103  8:18  Zealot x3  
  116  8:21  Gateway  
  116  8:23  Probe, Gateway  
  117  8:40  Probe  
  113  8:47  Stalker x4  
  121  8:53  Assimilator x2  
  120  8:56  Pylon  
  120  9:02  Disruptor (Chrono Boost)  
  124  9:11  Pylon  
  124  9:16  Gateway  
  124  9:17  Pylon, Gateway  
  124  9:19  Photon Cannon  
  124  9:20  Stalker  
  124  9:21  Pylon, Stalker  
  128  9:25  Zealot x4  
  128  9:36  Pylon  
  128  9:37  Disruptor  
  128  9:46  Zealot x6  
  120  10:01  Nexus  
  120  10:04  Pylon  
  120  10:07  Zealot x5  
  120  10:12  Disruptor, Protoss Ground Armor Level 1 (Chrono Boost)  
  134  10:24  Templar Archives  
  134  10:26  Photon Cannon  
  134  10:31  Sentry, Stalker x3  
  134  10:32  Zealot  
  144  10:36  Stalker  
  144  10:48  Shield Battery  
  139  10:56  Zealot x7  
  153  11:01  Pylon  
  152  11:05  Disruptor (Chrono Boost)  
  152  11:20  Zealot x8  
  168  11:27  Forge  
  168  11:30  Pylon  
  168  11:32  Photon Cannon  
  166  11:33  Disruptor (Chrono Boost)  
  170  11:48  High Templar x4  
  170  11:49  High Templar x2  
  170  11:51  Protoss Ground Weapons Level 3 (Chrono Boost)  
  170  11:53  Archon x2, Gateway  
  170  11:54  Archon  
  182  12:06  Disruptor (Chrono Boost)  
  182  12:08  Nexus  
  186  12:12  Protoss Ground Armor Level 2 (Chrono Boost)  
  185  12:31  Dark Shrine  
  185  12:32  Probe x3  
  188  12:41  Shield Battery  
  188  12:44  Photon Cannon, Probe  
  186  12:45  Zealot x4  
  186  12:46  Pylon  
  195  13:03  Stalker x4  
  195  13:05  Warp Prism (Chrono Boost)  
  187  13:20  Zealot x3  
  191  13:39  Zealot x3  
  191  13:40  Zealot  
  199  13:41  Gravitic Drive (Chrono Boost)  
  199  13:43  Observer  
  199  13:48  Photon Cannon  
  200  13:49  Shield Battery  
  200  14:07  Gateway  
  200  14:08  Protoss Shields Level 1 (Chrono Boost)  
  200  14:09  Gateway  
  200  14:10  Nexus  
  196  14:30  Stalker x2  
  200  14:32  Photon Cannon  
  200  14:36  Pylon  
  186  14:48  Stalker x2  
  186  14:50  Stalker x2  
  185  15:04  Probe x2  
  177  15:29  Zealot x2  
  177  15:30  Zealot x5  
  187  15:36  Pylon  
  187  15:42  Stargate  
  103  16:12  Stalker  
  103  16:13  Sentry, Stalker x3  
  103  16:15  Zealot x6  
Tags
 
Add a new tag
Caveats
  • Supply blocks, unpowered buildings, or Contaminate may cause inaccurate times.
  • Supply counts are checked every 10 seconds.